 Dungeon Crawl Stone Soup version 0.22-a0-197-g4ac3794 (webtiles) character file.

11 vishdafish the Vexing (level 2, 21/21 HPs)
             Began as a Demonspawn Arcane Marksman on Feb 18, 2018.
             Quit the game on level 1 of the Dungeon.
             The game lasted 00:00:18 (261 turns).

vishdafish the Vexing (Demonspawn Arcane Marksman)   Turns: 261, Time: 00:00:19

Health: 21/21      AC:  2    Str: 10    XL:     2   Next: 17%
Magic:  3/3        EV: 12    Int: 14    God:
Gold:   15         SH:  0    Dex: 13    Spells: 2/3 levels left

rFire    x . .     SeeInvis .   a - +0 hand crossbow
rCold    + . .     Gourm    .   (no shield)
rNeg     . . .     Faith    .   e - +0 robe
rPois    .         Spirit   .   (no helmet)
rElec    .         Reflect  .   (no cloak)
rCorr    .         Harm     .   (no gloves)
MR       .....                  (no boots)
Stlth    +.........             (no amulet)
HPRegen  0.07/turn              g - ring of ice
MPRegen  0.08/turn              (no ring)

@: no status effects
A: rot immunity
a: no special abilities


You were on level 1 of the Dungeon.
You were not hungry.

You visited 1 branch of the dungeon, and saw 1 of its levels.

You collected 15 gold pieces.

Inventory:

Hand Weapons
 a - a +0 hand crossbow (weapon)
Missiles
 d - 17 bolts (quivered)
Armour
 e - a +0 robe (worn)
Jewellery
 g - a ring of ice (left hand)
Scrolls
 b - a scroll of amnesia {unknown}
 h - a scroll of identify {unknown}
 i - a scroll of teleportation {unknown}
Books
 c - a book of Debilitation

   Spells                             Type                      Level
   a - Corona                         Hexes                        1
   b - Slow                           Hexes                        2
   c - Inner Flame                    Hexes/Fire                   3
   d - Portal Projectile              Hexes/Translocation          3
   e - Cause Fear                     Hexes                        4
   f - Leda's Liquefaction            Hexes/Earth                  4
Comestibles
 f - a ration


   Skills:
 + Level 1.2 Fighting
 * Level 2.1 Crossbows
 + Level 1.9 Dodging
 + Level 1.2 Spellcasting
 + Level 3.1 Hexes


You had 2 spell levels left.
You knew the following spells:

 Your Spells              Type           Power        Failure   Level  Hunger
a - Corona                Hex            #......      7%          1    ##.....


Dungeon Overview and Level Annotations

Branches:
Dungeon (1/15)

Altars:


Innate Abilities, Weirdness & Mutations

You are immune to rotting.


Message History

Firing (i - inventory)
d - 20 bolts (quivered)
Press: ? - help, Shift-Dir - straight line, f - ooze
Aim: an ooze (resting)
You shoot a bolt. The bolt hits the ooze.
The ooze quivers.
The ooze is lightly wounded.
Firing (i - inventory)
d - 19 bolts (quivered)
Press: ? - help, Shift-Dir - straight line, f/p - ooze
Aim: an ooze (lightly wounded)
You shoot a bolt. The bolt barely misses the ooze.
Firing (i - inventory)
d - 18 bolts (quivered)
Press: ? - help, Shift-Dir - straight line, f/p - ooze
Aim: an ooze (lightly wounded)
You shoot a bolt. The bolt hits the ooze!
You kill the ooze!
You have reached level 2!
Your demonic ancestry asserts itself...
You feel immune to rotting.
Found 15 poisoned needles.
Are you sure you want to abandon this character and quit the game? (Confirm with "yes".)

##.###.#( ##.......
##(....#. . .. ..(....
.## #.## ..... ..# #..#
... #.# #..# #.###.# .
#.# #..# #@....# .###.#
#..####.#####.
.....#####.............#
##.#...........#.#######
.....######.##.#.#
.....# #.##.#.# .....#
#.##.#.# ##...#
####.##.#.#
#...###....##.#.#


There were no monsters in sight!

Vanquished Creatures
  An ooze (D:1)
  A dart slug (D:1)
  A giant cockroach (D:1)
  A hobgoblin (D:1)
  A bat (D:1)
  A kobold (D:1)
6 creatures vanquished.

Notes
Turn   | Place    | Note
-------+----------+-------------------------------------------
     0 | D:1      | vishdafish the Demonspawn Arcane Marksman began the quest for the Orb.
     0 | D:1      | Reached XP level 1. HP: 15/15 MP: 2/2
   259 | D:1      | Gained mutation: You are immune to rotting. [demonic ancestry]
   259 | D:1      | Reached XP level 2. HP: 21/21 MP: 3/3
   261 | D:1      | Quit the game

Vault maps used:
D:1:      minmay_arrival_three_doors

Skill      XL: |  1 |
---------------+----+-----
Crossbows      | 2 |  2.1
Fighting       | |  1.2
Dodging        | |  1.9
Spellcasting   | |  1.2
Hexes          | |  3.1

Action                   || total
-------------------------++-------
 Fire: Hand crossbow     ||    18
Armor: Robe              ||     2
Dodge: Dodged            ||     6

Table legend:
 A = Spawn XP
 B = Non-spawn XP
 C = Spawn XP percentage of total XP
 D = Spawn monster count
 E = Non-spawn monster count
 F = Spawn count percentage of total count
 G = Total turns spent on level
                    A         B        C        D         E        F      G
               +---------+---------+-------+---------+---------+-------+---------
         Total |       0 |      17 |   0.0 |       0 |       6 |   0.0 |   261
               +---------+---------+-------+---------+---------+-------+---------
           D:1 |       0 |      17 |   0.0 |       0 |       6 |   0.0 |   261
               +---------+---------+-------+---------+---------+-------+---------
